 Dungeon Crawl Stone Soup version 0.29-a0-824-gd827844252 (webtiles) character file.

Game seed: 13864035087623007672

412 Nato the Trooper (level 6, 0/49 HPs)
             Began as a Demonspawn Berserker on July 10, 2022.
             Was a Believer of Trog.
             Slain by a crimson imp (1 damage)
             ... summoned by Eustachio
             ... on level 4 of the Dungeon.
             The game lasted 00:06:14 (5341 turns).

Nato the Trooper (Demonspawn Berserker)             Turns: 5341, Time: 00:06:14

Health: 0/49       AC:  3    Str: 19    XL:     6   Next: 59%
Magic:  6/6        EV: 13    Int:  9    God:    Trog [**....]
Gold:   135        SH:  5    Dex: 12    Spells: 5/5 levels left

rFire   . . .      SeeInvis .   w - +0 war axe
rCold   . . .      Faith    .   (no shield)
rNeg    . . .      Spirit   .   b - +0 animal skin
rPois   .          Reflect  +   (no helmet)
rElec   .          Harm     .   t - +0 cloak
rCorr   .          Rampage  .   (no gloves)
Will    .....                   (no boots)
Stlth   +.........              q - amulet of reflection
HPRegen 0.16/turn               (no ring)
MPRegen 0.10/turn               (no ring)

@: on berserk cooldown, slowed, very slow
A: weakness stinger 2
a: Renounce Religion, Berserk, Trog's Hand


You were on level 4 of the Dungeon.
You worshipped Trog.
Trog was pleased with you.
You visited 1 branch of the dungeon, and saw 4 of its levels.

You collected 135 gold pieces.

Inventory:

Hand Weapons
 a - a +0 hand axe
 w - a +0 war axe (weapon)
Armour
 b - a +0 animal skin (worn)
 t - a +0 cloak (worn)
Jewellery
 q - an amulet of reflection (around neck)
Scrolls
 e - 2 scrolls of poison {unknown}
 h - 5 scrolls of identify {unknown}
 j - a scroll of enchant weapon {unknown}
 k - 2 scrolls of magic mapping {unknown}
 n - a scroll of amnesia {unknown}
 p - 2 scrolls of immolation {unknown}
 r - a scroll of summoning {unknown}
 s - 4 scrolls of teleportation {unknown}
 v - a scroll of fog {unknown}
Potions
 c - 2 potions of flight {unknown}
 d - a potion of invisibility
 f - 4 potions of heal wounds {unknown}
 g - 2 potions of resistance {unknown}
 i - 3 potions of curing {unknown}
 l - a potion of attraction {unknown}
 m - 3 potions of haste {unknown}
 o - a potion of might {unknown}
 u - a potion of ambrosia {unknown}
 x - a potion of mutation {unknown}


   Skills:
 + Level 4.5 Fighting
 + Level 4.1 Axes
 + Level 3.5 Armour
 + Level 3.5 Dodging


You had 5 spell levels left.
You didn't know any spells.
Your spell library was empty.

Dungeon Overview and Level Annotations

Branches:
Dungeon (4/15)
 Temple: D:4-7

Altars:

Annotations:
D:4 2 runed translucent doors, Eustachio


Innate Abilities, Weirdness & Mutations

You have a tail ending in a sharp stinger.


Message History

You are exhausted.
You feel yourself slow down.
You slash something! Something hits you.
You hear some strange, mumbled words.
You barely miss something. Something hits you. x2
You're still recovering from your berserk rage.
You miss something.
Your tail-slap misses something.
You slash the crimson imp! You barely miss the shadow imp.
You block the crimson imp's attack. The shadow imp misses you.
Something barely misses you. The shadow imp hits you.
You block the crimson imp's attack.
You hear some strange, mumbled words.
You closely miss the shadow imp. You closely miss the iron imp.
You hit the crimson imp but do no damage.
You miss something.
The crimson imp hits you but does no damage.
You block the shadow imp's attack. Something hits you!
The crimson imp hits you. The shadow imp misses you.
The iron imp closely misses you. Something barely misses you.
You hit the crimson imp.
Your tail-slap misses the crimson imp.
The crimson imp is heavily wounded.
You barely miss something. You barely miss the shadow imp.
You hit the iron imp but do no damage. The crimson imp misses you.
The shadow imp hits you.
You hear some strange, mumbled words.
The iron imp hits you. The shadow imp closely misses you.
The crimson imp hits you.
* * * LOW HITPOINT WARNING * * *
The iron imp grinds its teeth.
You block the iron imp's attack.
You closely miss the crimson imp.
The crimson imp is moderately wounded.
You closely miss the shadow imp. You hit the iron imp.
You block the crimson imp's attack. The shadow imp gestures at you.
Pain shoots through your body!
* * * LOW HITPOINT WARNING * * *
The iron imp hits you!
* * * LOW HITPOINT WARNING * * *
The crimson imp hits you.
You die...

######### ###
###.......##
###.####
#...........
###......#
##...........
.........##
#............
..........#
#..........#
..........#
#.555....#
..........##
##.@....##
...........#
###..###
...........#
#...#
..........##
##...#
.........##
##....#
........##
#.....#
.......##
##.....##
.....###
#.......#
....##
##.......#


You could see an iron imp (summoned), a crimson imp (summoned) and a shadow imp
(summoned).

Vanquished Creatures
  An ogre (D:4)
  A necrophage (D:4)
  A scorpion (D:3)
  A hound (D:4)
  A jelly (D:4)
  6 adders
  5 worms
  2 dart slugs
  5 orcs (D:4)
  5 bats
  8 endoplasms
  2 giant cockroaches (D:1)
  4 goblins
  4 hobgoblins
  5 jackals
  3 kobolds (D:1)
  3 quokkas (D:1)
  8 ball pythons
  2 frilled lizards
  8 rats
75 creatures vanquished.

Notes
Turn   | Place    | Note
-------+----------+-------------------------------------------
     0 | D:1      | Nato the Demonspawn Berserker began the quest for the Orb.
     0 | D:1      | Reached XP level 1. HP: 18/18 MP: 1/1
   382 | D:1      | Gained mutation: You have a small tail. [demonic ancestry]
   382 | D:1      | Reached XP level 2. HP: 21/24 MP: 2/2
   881 | D:1      | Reached XP level 3. HP: 27/29 MP: 3/3
   926 | D:1      | Found a faded altar of an unknown god.
  2569 | D:3      | Gained mutation: You have a tail ending in a sharp stinger.
                  | [demonic ancestry]
  2569 | D:3      | Reached XP level 4. HP: 23/35 MP: 4/4
  2957 | D:3      | Noticed a scorpion
  2966 | D:3      | Killed a scorpion
  2967 | D:3      | Reached XP level 5. HP: 42/42 MP: 5/5
  3635 | D:3      | Reached ** piety under Trog
  4528 | D:4      | Noticed an ogre
  4530 | D:4      | Found a large runed translucent door.
  4563 | D:4      | Killed an ogre
  4564 | D:4      | Reached XP level 6. HP: 49/49 MP: 6/6
  5207 | D:4      | Found a large runed translucent door.
  5325 | D:4      | Noticed Eustachio
  5341 | D:4      | HP: 1/49 [iron imp[Eustachio] (7)]
  5341 | D:4      | Slain by a crimson imp

Illustrated notes

Levels and vault maps discovered:
D:1:      amcnicky_arrival_abandoned_market, layout_loops_ring,
          nicolae_ecumenical_snake_handling
D:2:      layout_rooms
D:3:      layout_basic, st_stairs_4, minmay_misc_feat_nine_boxes,
          kennysheep_generic_room_11
D:4:      layout_cave_pods, jmf_multi_god_temple2, minmay_unequal,
          uniq_eustachio

Skill      XL: |  1  2  3  4  5  6 |
---------------+-------------------+-----
Armour         | 2 3 |  3.5
Dodging        | 2 3 |  3.5
Axes           | 3 4 |  4.1
Fighting       | 4 |  4.5

Action                   |  1- 3 |  4- 6 || total
-------------------------+-------+-------++-------
Melee: Hand axe          |   100 |    77 ||   177
       Punch             |     2 |     2 ||     4
       Tailslap          |     7 |     9 ||    16
       War axe           |       |    24 ||    24
Invok: Berserk           |     5 |     8 ||    13
 Stab: Sleeping          |     4 |       ||     4
Armor: Animal skin       |    24 |    28 ||    52
Dodge: Dodged            |    76 |    79 ||   155
Block: Other             |       |    27 ||    27

Table legend: (Time is in decaauts)
 A = Elapsed time spent in this place.
 B = Non-inter-level travel time spent in this place.
 C = Inter-level travel time spent in this place.
 D = Time resting spent in this place.
 E = Time spent auto-exploring this place.
 F = Levels seen in this place.
 G = Mean time per level.
                   A        B        C        D        E       F      G
               +--------+--------+--------+--------+--------+-----+--------+
         Total |   5477 |   5298 |    179 |   2424 |   2365 |   4 | 1369.2 |
       Dungeon |   5477 |   5298 |    179 |   2424 |   2365 |   4 | 1369.2 |
               +--------+--------+--------+--------+--------+-----+--------+

Top non-repeatable levels by time:
     D:3: 1819 daAuts
     D:1: 1571 daAuts
     D:4: 1052 daAuts
     D:2: 1034 daAuts
